 Dungeon Crawl Stone Soup version 0.22.1-1-ga44c0e5 (webtiles) character file.

161 seyes the Changer (level 5, 0/33 HPs)
             Began as an Octopode Transmuter on Oct 26, 2018.
             Slain by a hound (1 damage)
             ... on level 4 of the Dungeon.
             The game lasted 00:11:17 (2362 turns).

seyes the Changer (Octopode Transmuter)             Turns: 2362, Time: 00:11:17

Health: 0/33       AC:  1    Str:  9    XL:     5   Next: 42%
Magic:  6/8        EV: 13    Int: 17    God:
Gold:   216        SH:  0    Dex: 12    Spells: 5/8 levels left

rFire    . . .     SeeInvis .     - Unarmed
rCold    . . .     Gourm    .   (no shield)
rNeg     . . .     Faith    .   (helmet restricted)
rPois    .         Spirit   .   (no amulet)
rElec    .         Reflect  .   (no ring)
rCorr    .         Harm     .   (no ring)
MR       .....                  (no ring)
Stlth    ++........             (no ring)
HPRegen  0.11/turn              (no ring)
MPRegen  0.11/turn              (no ring)
                                (no ring)
                                (no ring)

@: lethally poisoned (0 -> -4), appendage
A: almost no armour, stealthy swim, amphibious, 8 rings, constrict 8, tentacle
spike 3, camouflage 1, gelatinous body 1
a: End Transformation


You were on level 4 of the Dungeon.
You were not hungry.
One of your tentacles had a temporary spike.
You visited 1 branch of the dungeon, and saw 4 of its levels.

You collected 216 gold pieces.

Inventory:

Missiles
 a - 24 arrows
 b - 90 stones (quivered)
Wands
 r - a wand of random effects (30)
Scrolls
 e - 4 scrolls of remove curse
 i - a scroll of noise
 l - a scroll of enchant armour {unknown}
 m - a scroll of enchant weapon
 o - a scroll of amnesia
 p - a scroll of identify
Potions
 d - 2 potions of degeneration {unknown}
 f - a potion of agility {unknown}
 g - 3 potions of curing
 h - a potion of might {unknown}
 j - a potion of heal wounds {unknown}
 n - a potion of resistance {unknown}
 q - a potion of mutation {unknown}
Comestibles
 c - 3 rations
 k - 4 chunks of flesh


   Skills:
 - Level 1.0 Fighting
 - Level 2.0 Dodging
 - Level 3.0 Unarmed Combat
 + Level 2.4 Spellcasting
 + Level 5.2 Transmutations


You had 5 spell levels left.
You knew the following spells:

 Your Spells              Type           Power        Failure   Level  Hunger
a - Beastly Appendage     Tmut           ###...       2%          1    #......
t - Sticks to Snakes      Tmut           ###.....     3%          2    ##.....

Your spell library contained the following spells:

 Spells                   Type           Power        Failure   Level  Hunger
 Spider Form              Tmut/Pois      ##........   19%         3    ###....
 Blade Hands              Tmut           ###.......   52%         5    ######.
 Ice Form                 Ice/Tmut       ##......     54%         4    #####..


Dungeon Overview and Level Annotations

Branches:
Dungeon (4/15)
 Temple: D:4-7

Altars:
Vehumet


Innate Abilities, Weirdness & Mutations

You cannot wear most types of armour.
You are very stealthy in the water. (Stealth+)
You are amphibious.
You can wear up to eight rings at the same time.
You can use your tentacles to constrict eight enemies at once.
Your skin changes colour to match your surroundings (Stealth+).
Your rubbery body absorbs attacks. (AC +1, EV +1)
One of your tentacles bears a large vicious spike.


Message History

The worker ant poisons you! The hound closely misses you.
Your ball python closely misses the howler monkey.
Your ball python grabs the howler monkey.
Your ball python constricts the howler monkey.
As you read the scroll labeled QUOLEA IDUFEFF, it crumbles to dust.
It is a scroll of amnesia.
Okay, then.
You feel sick.
The howler monkey hits your ball python!
Your ball python dies!
The worker ant bites you.
* * * LOW HITPOINT WARNING * * *
The hound barely misses you. The howler monkey hits you.
* * * LOW HITPOINT WARNING * * *
Unknown command.
As you read the scroll labeled WUQEPUSEWN, it crumbles to dust.
It is a scroll of identify.
g - 3 potions of curing The hound bites you.
You die...

.....####..
#.........
..........
........ ....s.
# #...## .#
#...h##.#
#..@a...####
#..hh.......
(..##..........#
............####
.....†.......#
........###..#
.......## #..#
##..... #..#
#...... #..


You could see a howler monkey, 2 hounds, a worker ant and a giant cockroach.

Vanquished Creatures
  An orc wizard (D:3)
  6 adders
  3 oozes
  2 dart slugs
  A leopard gecko (D:1)
  4 orcs (D:3)
  3 ball pythons
  4 giant cockroaches
  5 goblins
  5 hobgoblins
  4 jackals (D:2)
  3 kobolds
  4 bats
  3 frilled lizards
  7 rats
55 creatures vanquished.

Vanquished Creatures (collateral kills)
  2 worms
  A frilled lizard (D:4)
3 creatures vanquished.

Grand Total: 58 creatures vanquished

Notes
Turn   | Place    | Note
-------+----------+-------------------------------------------
     0 | D:1      | seyes the Octopode Transmuter began the quest for the Orb.
     0 | D:1      | Reached XP level 1. HP: 13/13 MP: 3/3
    45 | D:1      | Reached XP level 2. HP: 7/18 MP: 3/5
   304 | D:1      | Reached skill level 3 in Transmutations
   316 | D:1      | Learned a level 2 spell: Sticks to Snakes
   373 | D:1      | Reached XP level 3. HP: 23/23 MP: 4/6
   855 | D:2      | Reached skill level 4 in Transmutations
   902 | D:2      | Reached XP level 4. HP: 23/28 MP: 7/7
  1103 | D:2      | Found a radiant altar of Vehumet.
  1612 | D:3      | Reached skill level 5 in Transmutations
  1644 | D:3      | Reached XP level 5. HP: 26/33 MP: 6/8
  2361 | D:4      | HP: 1/33 [howler monkey (4)]
  2362 | D:4      | Slain by a hound

Skill      XL: |  1  2  3  4 |
---------------+-------------+-----
Transmutations | 3 4 5 |  5.2
Fighting       | |  1.0
Dodging        | |  2.0
Unarmed Combat | |  3.0
Spellcasting   | |  2.4

Action                   |  1- 3 |  4- 6 || total
-------------------------+-------+-------++-------
Melee: Unarmed           |    76 |    76 ||   152
       Kick              |    12 |    14 ||    26
       Tentacles         |    13 |    14 ||    27
       Constrict         |    16 |    24 ||    40
       Punch             |     3 |     3 ||     6
Throw: Stone             |     6 |     7 ||    13
 Cast: Beastly Appendage |     5 |    11 ||    16
       Sticks to Snakes  |       |     5 ||     5
  Use: Scroll            |     1 |     4 ||     5
 Stab: Sleeping          |     3 |     3 ||     6
  Eat: Chunk             |       |     5 ||     5
Armor: Skin              |     7 |     7 ||    14
Dodge: Dodged            |    40 |    42 ||    82
